 Seeded DCSS version 0.30.0-30-g96aa6591b8 (webtiles) character file.

Game seed: 2437440760762960966 (custom seed)

140 CInkIbrahim the Slasher (level 5, 0/38 HPs)
             Began as a Vampire Gladiator on June 29, 2023.
             Slain by a gnoll
             ... wielding a +0 spear
              (5 damage)
             ... on level 3 of the Dungeon.
             The game lasted 00:02:40 (1694 turns).

CInkIbrahim the Slasher (Vampire Gladiator)         Turns: 1694, Time: 00:02:40

Health: 0/38       AC:  6    Str: 13    XL:     5   Next: 2%
Magic:  5/5        EV: 12    Int: 10    God:
Gold:   69         SH:  4    Dex: 18    Spells: 4/4 levels left

rFire   . . .        a - +0 long sword
rCold   . . .        k - +0 buckler
rNeg    . . .        p - +0 leather armour
rPois   .            c - +0 helmet
rElec   .            (no cloak)
rCorr   .            i - +1 pair of gloves
SInv    +            (no boots)
Will    .....        (no amulet)
Stlth   +            (no ring)
HPRegen 0.46/turn    (no ring)
MPRegen 0.09/turn

%: no passive effects
@: healing quickly
A: alive, fangs 3, see invisible, vampiric 2
a: Exsanguinate


You were on level 3 of the Dungeon.
You visited 1 branch of the dungeon, and saw 3 of its levels.

You collected 69 gold pieces.

Inventory:

Hand Weapons
 a - a +0 long sword (weapon)
 b - a +1 dagger of flaming
Missiles
 g - a javelin
 o - 3 atropa-tipped darts (quivered)
 q - 3 throwing nets
Armour
 c - a +0 helmet (worn)
 i - a +1 pair of gloves (worn)
 k - a +0 buckler (worn)
 p - a +0 leather armour (worn)
Wands
 d - a wand of digging (3)
 l - a wand of flame (19)
Scrolls
 h - a scroll of noise
 j - a scroll of enchant armour
Potions
 e - a potion of cancellation
 f - 2 potions of curing


   Skills:
 - Level 1.7 Fighting
 + Level 5.7 Long Blades
 - Level 1.5 Throwing
 - Level 3.2 Dodging


You had 4 spell levels left.
You didn't know any spells.
Your spell library contained the following spells:

 Spells                   Type           Power      Damage    Failure   Level
 Beastly Appendage        Tmut           0%         N/A       56%         1
 Sting                    Tmut/Pois      0%         1d3       56%         1
 Blink                    Tloc           0%         N/A       71%         2
 Lesser Beckoning         Tloc           0%         N/A       71%         2
 Momentum Strike          Conj/Tloc      0%         3d8       71%         2
 Poisonous Vapours        Pois/Air       0%         N/A       71%         2
 Scorch                   Fire           0%         2d5       71%         2
 Wereblood                Tmut           0%         N/A       71%         2
 Spider Form              Tmut/Pois      0%         N/A       91%         3
 Flame Wave               Conj/Fire      0%         2d4       100%        4
 Olgreb's Toxic Radiance  Pois           0%         N/A       100%        4
 Summon Cactus Giant      Summ           0%         N/A       100%        6


Dungeon Overview and Level Annotations

Branches:
Dungeon (3/15)

Altars:


Innate Abilities, Weirdness & Mutations

Your natural rate of healing is accelerated.
You have razor-sharp teeth.
You have supernaturally acute eyesight. (SInv)
You are afflicted with vampirism and can become a bat while bloodless.


Message History

It is a scroll of identify.
h - a scroll of noise
As you read the scroll of identify, it crumbles to dust.
f - 2 potions of curing You see here a hobgoblin corpse.
Found a ring mail.
No target in view!
Found a stone staircase leading down.
No target in view!
A gnoll comes into view. It is wielding a +0 halberd.
Found 17 gold pieces.
The gnoll shouts!
You hear a shout!
A gnoll comes into view. It is wielding a +0 spear.
A gnoll comes into view. It is wielding a +0 whip.
Okay, then.
Okay, then.
It was a potion of cancellation.
You feel magically purged.
It was a potion of magic.
Magic courses through your body.
The gnoll hits you from afar with a +0 halberd!
The gnoll hits you from afar with a +0 spear.
You block the gnoll's attack.
You hit the gnoll.
The gnoll is moderately wounded.
The gnoll hits you from afar with a +0 spear.
The gnoll hits you with a +0 halberd!
* * * LOW HITPOINT WARNING * * *
You hit the gnoll.
The gnoll is heavily wounded.
The gnoll closely misses you. The gnoll hits you with a +0 halberd.
* * * LOW HITPOINT WARNING * * *
You barely miss the gnoll.
The gnoll is heavily wounded.
The gnoll hits you from afar with a +0 spear.
* * * LOW HITPOINT WARNING * * *
The gnoll hits you with a +0 halberd.
* * * LOW HITPOINT WARNING * * *
You slash the gnoll!
You kill the gnoll!
The gnoll hits you from afar with a +0 spear.
You die...

#..# #...g......
##.###..........
#†....g.g......
#.###.##..#.#.#
#.# #...#......
#g# ###.#.#.#.#
#g# ........ #)#
..#.#.# #@#
#...... #.# >..
#.# #.# #.# #.#
#.# #.# #.#


You could see 2 gnolls.

Vanquished Creatures
  Jessica (D:2)
  Ijyb (D:3)
  4 adders
  A gnoll (D:3)
  3 dart slugs
  4 ball pythons
  4 bats
  3 endoplasms (D:1)
  9 goblins
  4 hobgoblins
  3 quokkas
  3 frilled lizards
  5 kobolds
  4 rats
49 creatures vanquished.

Notes
Turn   | Place    | Note
-------+----------+-------------------------------------------
     0 | D:1      | CInkIbrahim the Vampire Gladiator began the quest for the
                  | Orb.
     0 | D:1      | Reached XP level 1. HP: 16/16 MP: 1/1
   251 | D:1      | Reached XP level 2. HP: 22/22 MP: 2/2
   697 | D:2      | Reached skill level 4 in Long Blades
   741 | D:2      | Gained mutation: You are afflicted with vampirism and can
                  | become a bat while bloodless. [Vampire growth]
   741 | D:2      | Reached XP level 3. HP: 25/27 MP: 3/3
   831 | D:2      | Noticed Jessica
   841 | D:2      | Killed Jessica
   972 | D:2      | Reached XP level 4. HP: 33/33 MP: 4/4
  1017 | D:2      | Reached skill level 5 in Long Blades
  1552 | D:3      | Noticed Ijyb
  1589 | D:3      | Killed Ijyb
  1656 | D:3      | Reached XP level 5. HP: 38/38 MP: 5/5
  1694 | D:3      | Slain by a gnoll

Illustrated notes

Levels and vault maps discovered:
D:1:      onia_arrival_handbag, layout_loops_ring
D:2:      layout_basic, uniq_jessica
D:3:      layout_basic, serial_glass, glass_columns_a, glass_columns_b,
          uniq_sigmund, uniq_ijyb

Skill      XL: |  1  2  3  4 |
---------------+-------------+-----
Long Blades    | 4 5 |  5.7
Fighting       | |  1.7
Throwing       | |  1.5
Dodging        | |  3.2

Action                     |  1- 3 |  4- 6 || total
---------------------------+-------+-------++-------
  Melee: Long sword        |    91 |    94 ||   185
         Bite              |     3 |    11 ||    14
  Throw: Throwing net      |       |     3 ||     3
         Dart              |       |     2 ||     2
         Javelin           |       |     1 ||     1
    Use: Scroll            |     1 |     5 ||     6
         Potion            |       |     2 ||     2
   Stab: Sleeping          |     1 |       ||     1
 Armour: Leather armour    |    38 |    26 ||    64
  Dodge: Dodged            |    60 |    59 ||   119
  Block: Buckler           |     1 |    20 ||    21
